 Dungeon Crawl Stone Soup version 0.26.1-2-gb8aa6d0cf2 (webtiles) character file.

Game seed: 4528658196804593170

480 nightchill the Chopper (level 7, -4/60 HPs)
             Began as a Ghoul Gladiator on Mar 12, 2021.
             Killed from afar by Dowan (18 damage)
             ... with a shard of ice
             ... on level 4 of the Dungeon.
             The game lasted 00:09:03 (5433 turns).

nightchill the Chopper (Ghoul Gladiator)            Turns: 5433, Time: 00:09:04

Health: -4/60      AC: 10    Str: 20    XL:     7   Next: 11%
Magic:  6/6        EV:  8    Int:  3    God:
Gold:   152        SH:  0    Dex: 10    Spells: 6/6 levels left

rFire    . . .     SeeInvis .   a - +0 war axe
rCold    + . .     Faith    .   (no shield)
rNeg     + + +     Spirit   .   v - +0 chain mail
rPois    ∞         Reflect  .   u - +2 hat
rElec    .         Harm     .   (no cloak)
rCorr    .         Rampage  .   (no gloves)
Will     .....                  (no boots)
Stlth    ..........             (no amulet)
HPRegen  0.00/turn              (no ring)
MPRegen  0.10/turn              (no ring)

@: no status effects
A: claws 1, cold resistance 1, negative energy resistance 3, inhibited
regeneration, torment resistance, unbreathing
a: no special abilities


You were on level 4 of the Dungeon.
You visited 1 branch of the dungeon, and saw 4 of its levels.
You also visited: Sewer.

You collected 152 gold pieces.

Inventory:

Hand Weapons
 a - a +0 war axe (weapon)
Missiles
 f - 2 throwing nets (quivered)
Armour
 b - a +0 leather armour
 c - a +0 helmet
 j - a +0 ring mail
 u - a +2 hat (worn)
 v - a +0 chain mail (worn)
Scrolls
 e - 2 scrolls of enchant weapon {unknown}
 h - a scroll of immolation {unknown}
 m - 2 scrolls of blinking {unknown}
 o - a scroll of magic mapping {unknown}
 r - 2 scrolls of fog {unknown}
 s - 4 scrolls of teleportation {unknown}
 t - a scroll of enchant armour {unknown}
Potions
 d - a potion of mutation {unknown}
 g - a potion of cancellation
 i - a potion of heal wounds
 k - 2 potions of degeneration
 l - a potion of berserk rage
 n - a potion of resistance {unknown}
 p - a potion of flight
 q - a potion of might {unknown}


   Skills:
 + Level 4.9 Fighting
 * Level 6.0 Axes
 - Level 1.7 Throwing
 - Level 2.6 Dodging


You had 6 spell levels left.
You didn't know any spells.
Your spell library was empty.

Dungeon Overview and Level Annotations

Branches:
Dungeon (4/15)              Sewer (visited)
 Temple: D:4-7

Altars:
Okawaru

Annotations:
D:4 Dowan


Innate Abilities, Weirdness & Mutations

You thrive by killing the living.
You are immune to poison.
You have sharp fingernails.
Your flesh is cold resistant. (rC+)
You are immune to negative energy. (rN+++)
You do not regenerate when monsters are visible.
You are immune to unholy pain and torment.
You can survive without breathing.


Message History

You are electrocuted!
You miss Dowan.
Dowan is lightly wounded.
Dowan hits you but does no damage.
Dowan breathes, "And she was my only..."
Dowan points at you and mumbles some strange words.
The stone arrow hits you!
* * * LOW HITPOINT WARNING * * *
You closely miss Dowan.
Dowan is lightly wounded.
Dowan gestures at you while chanting. The stone arrow misses you.
You slash Dowan!
Dowan is heavily wounded.
Dowan closely misses you. Dowan hits you but does no damage.
You hit Dowan.
Dowan is heavily wounded.
Dowan casts a spell at you. The shard of ice hits you!! You partially resist.
You die...

#..#
##.......###
#.## #########
##.# # #..#
##### #
#.#####...... #
##)##.........
#
#.#...........
#
##...e.........
#
#...@..........
#.#..(.........
#.#............
#.#............
.##............
#####..........
#.# ##.......
#.# #......
#.##


You could see Dowan (fast).

Vanquished Creatures
  Duvessa (D:4)
  An orc priest (D:4)
  3 orc wizards (D:4)
  Natasha (D:3)
  Robin (D:2)
  A gnoll (D:1)
  9 adders
  3 river rats (D:3)
  6 worms (D:3)
  A dart slug (D:1)
  2 leopard geckos
  4 orcs (D:4)
  A giant cockroach (D:3)
  12 goblins
  10 hobgoblins
  4 jackals (D:1)
  A quokka (D:2)
  3 ball pythons
  4 bats
  8 frilled lizards
  8 kobolds
  16 rats
100 creatures vanquished.

Notes
Turn   | Place    | Note
-------+----------+-------------------------------------------
     0 | D:1      | nightchill the Ghoul Gladiator began the quest for the Orb.
     0 | D:1      | Reached XP level 1. HP: 17/17 MP: 0/0
   499 | D:1      | Reached skill level 3 in Axes
   833 | D:1      | Reached XP level 2. HP: 25/25 MP: 1/1
  1345 | D:1      | Reached XP level 3. HP: 30/30 MP: 2/2
  2293 | D:2      | Noticed Robin
  2327 | D:2      | Reached XP level 4. HP: 32/38 MP: 3/3
  2335 | D:2      | Killed Robin
  2336 | D:2      | Reached skill level 4 in Axes
  2873 | D:2      | You fall into a shaft and drop 2 floors!
  3119 | D:3      | Found an iron altar of Okawaru.
  3123 | D:3      | Noticed Natasha
  3129 | D:3      | Killed Natasha
  3130 | D:3      | Reached XP level 5. HP: 38/45 MP: 4/4
  3443 | D:3      | Found a glowing drain.
  3463 | Sewer    | Entered a sewer
  3708 | Sewer    | Reached skill level 5 in Axes
  3955 | D:3      | Reached XP level 6. HP: 21/52 MP: 5/5
  5194 | D:4      | Noticed Duvessa
  5226 | D:4      | Killed Duvessa
  5227 | D:4      | Reached skill level 6 in Axes
  5227 | D:4      | Reached XP level 7. HP: 26/60 MP: 6/6
  5410 | D:4      | Noticed Dowan
  5433 | D:4      | Killed from afar by Dowan

Illustrated notes

Levels and vault maps discovered:
D:1:      onia_arrival_pentagram, layout_basic, dk_noncrumbling_2
D:2:      minmay_razor_zed, layout_loops_corners,
          chequers_ecumenical_altar_grove, kennysheep_generic_room_7,
          uniq_robin, uniq_jessica
D:3:      layout_loops_ring, okawaru_trees_1, lightli_sewer_entry_pipes,
          kennysheep_path_1, uniq_natasha
D:4:      layout_cave_pods, nemelex_xobeh_ov_fountains_minmay, serial_forest,
          infiniplex_forest_straight_2, infiniplex_forest_clump_cross,
          infiniplex_forest_lined_2, infiniplex_forest_lined_1,
          minmay_misc_feat_room, uniq_duvessa

Skill      XL: |  1  2  3  4  5  6 |
---------------+-------------------+-----
Axes           | 3 4 5 6 |  6.0
Fighting       | 3 4 |  4.9
Throwing       | |  1.7
Dodging        | |  2.6

Action                   |  1- 3 |  4- 6 |  7- 9 || total
-------------------------+-------+-------+-------++-------
Melee: War axe           |   105 |   295 |     9 ||   409
Throw: Throwing net      |       |     4 |       ||     4
  Use: Potion            |       |     2 |     2 ||     4
       Scroll            |       |     4 |       ||     4
 Stab: Held in net/web   |       |     1 |       ||     1
Armor: Leather armour    |    31 |       |       ||    31
       Ring mail         |     3 |    90 |       ||    93
       Chain mail        |       |       |     8 ||     8
Dodge: Dodged            |    81 |   184 |     5 ||   270
